 Dungeon Crawl Stone Soup version 0.30.1-4-g462c640d31 (webtiles) character file.

Game seed: 18222678441867553421

2943 Kranky the Carver (level 9, -2/67 (68) HPs)
             Began as a Gnoll Wanderer on Sept 2, 2023.
             Slain by Prince Ribbit (6 damage)
             ... on level 7 of the Dungeon.
             The game lasted 00:14:56 (6445 turns).

Kranky the Carver (Gnoll Wanderer)                  Turns: 6445, Time: 00:14:57

HP:   -2/67 (68)    AC: 12    Str: 19    XL:     9   Next: 80%
MP:   17/17         EV: 10    Int: 15    God:
Gold: 262           SH: 13    Dex: 14    Spells: 19/19 levels left

rFire   . . .        l - +2 short sword (venom)
rCold   . . .        s - +0 tower shield
rNeg    . . .        h - +5 ring mail of Ennui {Str+3}
rPois   .            (no helmet)
rElec   .            q - +0 cloak
rCorr   .            (no gloves)
SInv    .            (no boots)
Will    .....        (no amulet)
Stlth   ++           k - +6 ring of strength
HPRegen 0.31/turn    n - ring of flight
MPRegen 0.15/turn

%: no passive effects
@: flying, lightly drained
A: fangs 1, strong nose, distributed training
a: no special abilities


You were on level 7 of the Dungeon.
You visited 1 branch of the dungeon, and saw 7 of its levels.
You also visited: Sewer.

You collected 314 gold pieces.
You spent 52 gold pieces at shops.

Inventory:

Hand Weapons
 a - a +2 spectral falchion
 l - a +2 short sword of venom (weapon)
Missiles
 C - a throwing net (quivered)
Armour
 b - a +0 cloak
 d - a +0 robe
 h - the +5 ring mail of Ennui (worn) {Str+3}
   (You found it on level 2 of the Dungeon)

   Str:       It affects your strength (+3).
 q - a +0 cloak (worn)
 s - a +0 tower shield (worn)
Jewellery
 k - a +6 ring of strength (left hand)
 m - an amulet of magic regeneration
 n - a ring of flight (right hand)
 u - a ring of magical power
 y - a +6 ring of dexterity
 G - a +6 ring of dexterity
Wands
 B - a wand of iceblast (6)
Scrolls
 e - 2 scrolls of teleportation
 f - 5 scrolls of identify
 i - a scroll of vulnerability {unknown}
 j - a scroll of magic mapping
 p - a scroll of noise
 r - a scroll of brand weapon
 v - 2 scrolls of fog
 z - a scroll of enchant armour {unknown}
 A - a scroll of poison
 D - a scroll of enchant weapon {unknown}
 E - a scroll of torment {unknown}
Potions
 c - 3 potions of heal wounds
 g - 3 potions of brilliance
 o - 2 potions of might
 t - a potion of haste
 w - a potion of curing
 x - 3 potions of flight
 F - a potion of ambrosia {unknown}


   Skills:
 + Level 5.5 Fighting
 + Level 4.8 Short Blades
 + Level 9.8 Long Blades
 + Level 4.8 Axes
 + Level 4.8 Maces & Flails
 + Level 4.8 Polearms
 + Level 4.8 Staves
 + Level 4.8 Ranged Weapons
 + Level 4.8 Throwing
 + Level 4.8 Armour
 + Level 5.5 Dodging
 + Level 5.4 Stealth
 + Level 4.8 Shields
 + Level 4.8 Unarmed Combat
 + Level 5.6 Spellcasting
 + Level 3.9 Conjurations
 + Level 3.9 Hexes
 + Level 3.9 Summonings
 + Level 5.5 Necromancy
 + Level 3.9 Translocations
 + Level 3.9 Transmutations
 + Level 3.9 Fire Magic
 + Level 3.9 Ice Magic
 + Level 3.9 Air Magic
 + Level 3.9 Earth Magic
 + Level 3.9 Poison Magic
 + Level 5.2 Invocations
 + Level 4.8 Evocations


You had 19 spell levels left.
You didn't know any spells.
Your spell library contained the following spells:

 Spells                   Type           Power      Damage    Failure   Level
 Sublimation of Blood     Necr           20%        N/A       28%         2
 Slow                     Hex            64%        N/A       36%         1
 Cigotuvi's Dreadful Rot  Necr/Pois/Air  34%        N/A       41%         2
 Poisonous Vapours        Pois/Air       32%        N/A       50%         2
 Vampiric Draining        Necr           20%        2d7       50%         3
 Confusing Touch          Hex            16%        N/A       73%         3
 Mephitic Cloud           Conj/Pois/Air  16%        N/A       73%         3
 Leda's Liquefaction      Hex/Erth       8%         N/A       98%         4
 Freezing Cloud           Conj/Ice/Air   8%         6-21      100%        5
 Lee's Rapid Deconstruct  Erth           8%         3d7*      100%        5
 Statue Form              Tmut/Erth      10%        N/A       100%        6


Dungeon Overview and Level Annotations

Branches:
Dungeon (7/15)             Temple (0/1) D:6           Sewer (visited)

Altars:
Ashenzari
Fedhas
Kikubaaqudgha
Okawaru
Sif Muna
Trog
Uskayaw

Shops:
D:1 [   D:2 !   D:5 *   D:6 =

Annotations:
D:6 3 runed translucent doors, middlethird's ghost, novice FoNe
D:7 Prince Ribbit


Innate Abilities, Weirdness & Mutations

You have very sharp teeth.
Your uncanny sense of smell can sniff out nearby items.
Your experience applies equally to all skills.


Message History

You hit the gnoll sergeant but do no damage.
The gnoll sergeant looks as sick as possible!
The gnoll sergeant is lightly wounded.
Prince Ribbit hits you. The gnoll hits you with a +0 flail.
You block the gnoll sergeant's attack.
Prince Ribbit blinks!
The gnoll sergeant misses you. The gnoll barely misses you.
The hound barks!
You hit the gnoll sergeant but do no damage.
The gnoll sergeant is moderately wounded.
You block the gnoll's attack.
The gnoll sergeant completely misses you.
You hit the gnoll sergeant.
The gnoll sergeant looks as sick as possible!
The gnoll sergeant is heavily wounded.
You block the gnoll's attack.
The gnoll sergeant hits you with a +0 spear!
You hit the gnoll sergeant.
The gnoll sergeant looks as sick as possible!
The gnoll sergeant is severely wounded.
The hound bites you. You block the gnoll's attack.
The gnoll sergeant hits you but does no damage.
You hit the gnoll sergeant.
The gnoll sergeant looks as sick as possible!
The gnoll sergeant is severely wounded.
You block the hound's attack. Prince Ribbit closely misses you.
You block the hound's attack. The gnoll hits you but does no damage.
The gnoll sergeant hits you with a +0 spear!
* * * LOW HITPOINT WARNING * * *
Prince Ribbit hits you.
* * * LOW HITPOINT WARNING * * *
Prince Ribbit hits you!
* * * LOW HITPOINT WARNING * * *
The gnoll sergeant hits you from afar with a +0 spear.
* * * LOW HITPOINT WARNING * * *
The hound closely misses you. Prince Ribbit attacks as you move away!
Prince Ribbit barely misses you. The hound attacks as you move away!
The hound misses you.
You feel a bit more experienced. Prince Ribbit hits you.
You die...

,,,,,,,* *,* *,,,* * **,*8,,* #.*
#...* * ,,,***#####.#*#...* *
,,,,**#......,#..,***** *
*,,,,,#......,#.$,,,,,* *
*,,,,,.......,#.#####,* *
*,,*,,.......,#.#...*,* *
,*,,8,.......##.#.#,*,* *
,,,,*,,,,*#..ghF@.#,*,*** *
,,,,*,...####)#####,*,,,*********
,,,,,,.......g....#,,,,,,,,,,,,**
*****,##.####.###.#**,,,**,,,,,,,
,,,,*,**,* #.#**,*****,**,,,,,**
***,*,**,* #..,,,*,,,,,,*,,,,,*
,,,,,,,*,* ###*,,,,,,∆,,*,,,,,*
,,*,*,,*,* ****,,,,∆∩∆,,,,,,,*
,,*,*,,*,* *,,,,,,,,,,,,,,,,,*


You could see Prince Ribbit (poisoned), a hound and a gnoll.

Vanquished Creatures
  Sigmund (D:2)
  Eustachio (D:6)
  Menkaure (D:6)
  Edmund (D:4)
  An orc warrior (D:6)
  2 ice beasts
  A black bear (D:6)
  An ogre (D:4)
  2 phantoms
  A kobold brigand (Sewer)
  A gnoll sergeant (D:7)
  2 scorpions
  4 wights (D:6)
  5 jellies
  2 howler monkeys
  7 hounds
  2 orc priests
  2 gnoll boudas (D:4)
  5 iguanas
  2 sleepcaps
  4 orc wizards
  23 gnolls
  12 adders
  3 river rats (Sewer)
  A white imp (D:5)
  An ufetubus (D:4)
  A worm (D:3)
  4 dart slugs
  30 orcs
  11 ball pythons
  6 endoplasms
  6 giant cockroaches
  9 goblins
  13 hobgoblins
  10 jackals
  12 kobolds
  7 quokkas
  2 bats (D:1)
  3 frilled lizards
  9 rats
211 creatures vanquished.

Notes
Turn   | Place    | Note
-------+----------+-------------------------------------------
     0 | D:1      | Kranky the Gnoll Wanderer began the quest for the Orb.
     0 | D:1      | Kranky set off with the following items: a +2 falchion, a
                  | +0 cloak, a potion of heal wounds, a +0 robe; and the
                  | following spells available to memorise: Sublimation of
                  | Blood, Cigotuvi's Dreadful Rot.
     0 | D:1      | Reached XP level 1. HP: 17/17 MP: 4/4
    42 | D:1      | You fall into a shaft and drop 1 floor!
    94 | D:2      | Reached XP level 2. HP: 14/23 MP: 5/5
   171 | D:2      | Reached XP level 3. HP: 25/28 MP: 7/7
   219 | D:2      | Identified the +5 ring mail of Ennui {Str+3}
   274 | D:2      | Reached skill level 1 in Short Blades
   274 | D:2      | Reached skill level 1 in Axes
   274 | D:2      | Reached skill level 1 in Maces & Flails
   274 | D:2      | Reached skill level 1 in Polearms
   274 | D:2      | Reached skill level 1 in Staves
   274 | D:2      | Reached skill level 1 in Ranged Weapons
   274 | D:2      | Reached skill level 1 in Throwing
   274 | D:2      | Reached skill level 1 in Armour
   274 | D:2      | Reached skill level 1 in Shields
   274 | D:2      | Reached skill level 1 in Unarmed Combat
   274 | D:2      | Reached skill level 1 in Invocations
   274 | D:2      | Reached skill level 1 in Evocations
   289 | D:2      | Reached XP level 4. HP: 23/34 MP: 8/8
   427 | D:1      | Found a faded altar of an unknown god.
   681 | D:1      | Reached skill level 1 in Conjurations
   681 | D:1      | Reached skill level 1 in Hexes
   681 | D:1      | Reached skill level 1 in Summonings
   681 | D:1      | Reached skill level 1 in Translocations
   681 | D:1      | Reached skill level 1 in Transmutations
   681 | D:1      | Reached skill level 1 in Fire Magic
   681 | D:1      | Reached skill level 1 in Ice Magic
   681 | D:1      | Reached skill level 1 in Air Magic
   681 | D:1      | Reached skill level 1 in Earth Magic
   681 | D:1      | Reached skill level 1 in Poison Magic
   899 | D:1      | Found Pikyoqud's Antique Armour Shop.
  1141 | D:2      | Found Gupicesie's Distillery.
  1149 | D:2      | Found a hide-covered altar of Uskayaw.
  1261 | D:2      | Noticed Sigmund
  1273 | D:2      | Killed Sigmund
  1274 | D:2      | Reached XP level 5. HP: 35/41 MP: 8/10
  1274 | D:2      | Reached XP level 6. HP: 41/47 MP: 8/11
  1982 | D:3      | Reached XP level 7. HP: 50/52 MP: 12/12
  2059 | D:3      | Found a bloodstained altar of Trog.
  2601 | D:4      | Found a glowing drain.
  2620 | Sewer    | Entered a sewer
  2777 | Sewer    | Found a white marble altar of Elyvilon.
  2871 | D:4      | Reached skill level 9 in Long Blades
  3062 | D:4      | Reached XP level 8. HP: 42/60 MP: 14/14
  3238 | D:4      | Noticed Edmund
  3275 | D:4      | Killed Edmund
  3881 | D:4      | Found a blossoming altar of Fedhas.
  3946 | D:5      | Entered Level 5 of the Dungeon
  4106 | D:4      | Reached skill level 5 in Necromancy
  4313 | D:5      | Reached XP level 9. HP: 63/66 MP: 16/16
  4350 | D:5      | Found Jaegui's General Store.
  4367 | D:5      | Reached skill level 5 in Spellcasting
  4585 | D:5      | Bought a scroll of fog for 52 gold pieces
  4747 | D:5      | Reached skill level 5 in Fighting
  4747 | D:5      | Reached skill level 5 in Dodging
  4819 | D:5      | Found a broken altar of Ashenzari.
  4819 | D:5      | Found a hide-covered altar of Uskayaw.
  4826 | D:5      | Found an iron altar of Okawaru.
  4828 | D:5      | Found a faded altar of an unknown god.
  4830 | D:5      | Found a faded altar of an unknown god.
  5132 | D:6      | Found a staircase to the Ecumenical Temple.
  5143 | D:6      | Found an ancient bone altar of Kikubaaqudgha.
  5174 | D:6      | Found Ypuedd's Jewellery Shoppe.
  5178 | D:6      | Found a shimmering blue altar of Sif Muna.
  5360 | D:6      | Reached skill level 5 in Stealth
  5452 | D:6      | Found a runed translucent gate.
  5452 | D:6      | Found a runed translucent gate.
  5452 | D:6      | Found a runed translucent gate.
  5453 | D:6      | Noticed middlethird's ghost (novice FoNe)
  5613 | D:6      | Noticed Eustachio
  5640 | D:6      | Killed Eustachio
  5796 | D:6      | Noticed Menkaure
  5808 | D:6      | Killed Menkaure
  5809 | D:6      | Reached skill level 5 in Invocations
  6224 | D:6      | Identified the +3 ring mail of Disguise {*Corrode Str+3
                  | Slay+3}
  6414 | D:7      | Noticed Prince Ribbit
  6443 | D:7      | HP: 3/65 [gnoll sergeant/+0 spear (4)]
  6445 | D:7      | Slain by Prince Ribbit

Illustrated notes

Levels and vault maps discovered:
D:1:      dpeg_arrival_line_fractal, layout_basic, serial_shops,
          nicolae_shop_dealshenge, hellmonk_ecumenical_altar_leap_of_faith
D:2:      layout_rooms, serial_shops, shop, basic_altar,
          kennysheep_big_empty_room, uniq_sigmund
D:3:      layout_loops_ring, lemuel_crystal_altar
D:4:      layout_loops_ring, fedhas_altar_fruit_tree, portal_sewer_entry_b,
          kennysheep_cluttered_room, kennysheep_flooded_box,
          minmay_joined_circles, uniq_edmund
D:5:      layout_rooms, chequers_temple_overflow_minitemple, serial_shops, shop
D:6:      layout_loops_ring, mainiacjoe_overflow_boulevard,
          nicolae_kikubaaqudgha_miasma_corner, minmay_temple_entry_arrows,
          serial_shops, shop, gammafunk_ghost_nasty_kobolds,
          nicolae_underground_beach, uniq_eustachio, uniq_menkaure
D:7:      layout_basic, lightli_ossuary_entry_decrepit_ruins, enter_bailey_2,
          uniq_prince_ribbit1

Skill      XL: |  1  2  3  4  5  6  7  8  9 |
---------------+----------------------------+-----
Short Blades   | 1 2 3 4 |  4.8
Axes           | 1 2 3 4 |  4.8
Maces & Flails | 1 2 3 4 |  4.8
Polearms       | 1 2 3 4 |  4.8
Staves         | 1 2 3 4 |  4.8
Ranged Weapons | 1 2 3 4 |  4.8
Throwing       | 1 2 3 4 |  4.8
Armour         | 1 2 3 4 |  4.8
Shields        | 1 2 3 4 |  4.8
Unarmed Combat | 1 2 3 4 |  4.8
Invocations    | 1 2 3 4 5 |  5.2
Evocations     | 1 2 3 4 |  4.8
Spellcasting   | 3 4 5 |  5.6
Conjurations   | 1 2 3 |  3.9
Hexes          | 1 2 3 |  3.9
Summonings     | 1 2 3 |  3.9
Translocations | 1 2 3 |  3.9
Transmutations | 1 2 3 |  3.9
Fire Magic     | 1 2 3 |  3.9
Ice Magic      | 1 2 3 |  3.9
Air Magic      | 1 2 3 |  3.9
Earth Magic    | 1 2 3 |  3.9
Poison Magic   | 1 2 3 |  3.9
Fighting       | 3 4 5 |  5.5
Dodging        | 3 4 5 |  5.5
Stealth        | 3 4 5 |  5.4
Necromancy     | 4 5 |  5.5
Long Blades    | 9 |  9.8

Action                     |  1- 3 |  4- 6 |  7- 9 || total
---------------------------+-------+-------+-------++-------
  Melee: Falchion          |    47 |    19 |       ||    66
         Bite              |     2 |    22 |   100 ||   124
         Short sword       |       |   152 |   691 ||   843
         Punch             |       |     1 |       ||     1
    Use: Scroll            |       |       |    10 ||    10
         Potion            |       |       |     1 ||     1
   Stab: Sleeping          |     1 |     4 |    11 ||    16
         Distracted        |       |       |     1 ||     1
 Armour: Robe              |     7 |       |       ||     7
         Ring mail         |    12 |    57 |   205 ||   274
  Dodge: Dodged            |    32 |    71 |   226 ||   329
  Block: Tower shield      |       |    42 |   516 ||   558
